 Dungeon Crawl Stone Soup version 0.30-a0-924-g0ad0bf95bc (webtiles) character file.

Game seed: 5909504245423092503

193 qeuew the Shield-Bearer (level 6, -3/48 HPs)
             Began as a Formicid Fighter on Mar 22, 2023.
             Killed from afar by Grinder (14 damage)
             ... with a bolt of dispelling energy
             ... on level 3 of the Dungeon.
             The game lasted 00:03:17 (1824 turns).

qeuew the Shield-Bearer (Formicid Fighter)          Turns: 1824, Time: 00:03:18

Health: -3/48      AC: 11    Str: 22    XL:     6   Next: 2%
Magic:  6/6        EV:  9    Int:  8    God:
Gold:   127        SH:  5    Dex: 13    Spells: 5/5 levels left

rFire   . . .      SeeInvis +    a - +0 flail
rCold   . . .      Faith    .    c - +0 buckler
rNeg    . . .      Spirit   .    b - +0 scale mail
rPois   .          Reflect  .    (helmet unavailable)
rElec   .          Rampage  .    f - +2 cloak
rCorr   .                        e - +0 pair of gloves
Will    .....                    (no boots) Stlth
                                 (no amulet)
HPRegen 0.28/turn                (no ring)
MPRegen 0.10/turn                (no ring)

@: no status effects
A: permanent stasis, dig shafts and tunnels, antennae 3, four strong arms
a: Dig, Shaft Self


You were on level 3 of the Dungeon.
You visited 1 branch of the dungeon, and saw 3 of its levels.

You collected 127 gold pieces.

Inventory:

Hand Weapons
 a - a +0 flail (weapon)
Armour
 b - a +0 scale mail (worn)
 c - a +0 buckler (worn)
 e - a +0 pair of gloves (worn)
 f - a +2 cloak (worn)
Jewellery
 m - a ring of fire
Scrolls
 d - a scroll of identify
 h - a scroll of brand weapon {unknown}
 i - a scroll of blinking {unknown}
 k - a scroll of amnesia {unknown}
 l - a scroll of fear {unknown}
Potions
 g - a potion of brilliance
 j - a potion of heal wounds


   Skills:
 + Level 4.1 Fighting
 * Level 3.6 Maces & Flails
 * Level 4.7 Armour
 + Level 4.9 Shields


You had 5 spell levels left.
You didn't know any spells.
Your spell library contained the following spells:

 Spells                   Type           Power      Damage    Failure   Level
 Kiss of Death            Conj/Necr      0%         2d5       80%         1
 Confusing Touch          Hex            0%         N/A       99%         3
 Dispel Undead            Necr           0%         3d6       100%        4


Dungeon Overview and Level Annotations

Branches:
Dungeon (3/15)

Altars:

Annotations:
D:3 Grinder


Innate Abilities, Weirdness & Mutations

You cannot be hasted, slowed, berserked, paralysed or teleported.
You can dig through walls and to a lower floor.
You have a pair of large antennae on your head. (SInv)
Your four strong arms can wield two-handed weapons with a shield.


Message History

The bolt of dispelling energy hits you!
* * * LOW HITPOINT WARNING * * *
You sock Grinder!
Grinder is moderately wounded.
You block Grinder's attack.
You thump Grinder!
Grinder is heavily wounded.
Grinder hits you but does no damage.
You thump Grinder!
Grinder is almost dead.
Grinder zaps a wand.
The bolt of dispelling energy hits you.
* * * LOW HITPOINT WARNING * * *
Okay, then.
It was a potion of heal wounds.
You feel much better. Grinder barely misses you.
You closely miss Grinder.
Grinder is almost dead.
Grinder hits you but does no damage.
An adder comes into view.
The adder hisses angrily.
You hit Grinder.
Grinder is almost dead.
You block Grinder's attack. Grinder hits you.
You writhe in agony.
You barely miss Grinder.
Grinder is almost dead.
Grinder blinks!
You miss the adder. The adder misses you.
Grinder says, "Mostly I couldn't keep them alive."
The adder barely misses you.
You closely miss the adder. The adder bites you but does no damage.
You closely miss the adder. The adder completely misses you.
Grinder gestures at you. Pain shoots through your body!
* * * LOW HITPOINT WARNING * * *
The adder bites you but does no damage.
You hit Grinder but do no damage.
Grinder is almost dead.
The adder bites you but does no damage.
Grinder zaps a wand.
The bolt of dispelling energy hits you!
You die...

#.##.##.# ##....# #.#...#..#
#.##<...## #...## #.#......#
..##...#.### #...# #........#
..##.......#####...########..##.#
..##.#...#..............###..##.#
.............................##..
).......##..............####.####
.###.......#####5..#### #..#
...#.......# #@..# #.##
##.#..8...## #.S.# #.#
##.#.....## #...# #.# .........#
#...# #.##### ##....#### .....
#...... ...#### #...#. ######.
#### #...... #. # ........
########. # . #........


You could see Grinder and an adder.

Vanquished Creatures
  A sky beast (D:3)
  A hound skeleton (D:3)
  2 adders (D:3)
  An adder zombie (D:3)
  5 orcs (D:3)
  8 bats
  3 endoplasms
  5 giant cockroaches
  3 hobgoblins
  8 kobolds
  3 quokkas
  10 ball pythons
  3 frilled lizards (D:2)
  A giant cockroach zombie (D:3)
  5 goblins
  3 rats
62 creatures vanquished.

Vanquished Creatures (others)
  5 withered plants (D:3)
5 creatures vanquished.

Grand Total: 67 creatures vanquished

Notes
Turn   | Place    | Note
-------+----------+-------------------------------------------
     0 | D:1      | qeuew the Formicid Fighter began the quest for the Orb.
     0 | D:1      | Reached XP level 1. HP: 18/18 MP: 1/1
    76 | D:1      | Reached XP level 2. HP: 23/24 MP: 2/2
   335 | D:1      | Reached XP level 3. HP: 26/29 MP: 3/3
  1179 | D:3      | Reached XP level 4. HP: 37/37 MP: 4/4
  1320 | D:3      | Noticed a sky beast
  1339 | D:3      | Killed a sky beast
  1340 | D:3      | Reached XP level 5. HP: 18/42 MP: 5/5
  1625 | D:3      | Reached XP level 6. HP: 47/48 MP: 6/6
  1806 | D:3      | Noticed Grinder
  1824 | D:3      | Killed from afar by Grinder

Illustrated notes

Levels and vault maps discovered:
D:1:      dpeg_arrival_another_circle, layout_basic
D:2:      layout_basic
D:3:      layout_loops_cross, grunt_temple_overflow_champion_of_chaos,
          serial_undead, serial_undead_e, serial_undead_e, serial_undead_a,
          serial_undead_e, serial_undead_d, serial_undead_e, eino_curves_04,
          uniq_grinder

Skill      XL: |  1  2  3  4 |
---------------+-------------+-----
Armour         | 4 |  4.7
Fighting       | 4 |  4.1
Maces & Flails | 3 |  3.6
Shields        | |  4.9

Action                     |  1- 3 |  4- 6 || total
---------------------------+-------+-------++-------
  Melee: Flail             |   124 |   107 ||   231
    Use: Scroll            |     3 |       ||     3
         Potion            |       |     2 ||     2
 Armour: Scale mail        |    53 |    70 ||   123
  Dodge: Dodged            |    68 |    61 ||   129
  Block: Buckler           |    32 |    31 ||    63

Table legend: (Time is in decaauts)
 A = Elapsed time spent in this place.
 B = Non-inter-level travel time spent in this place.
 C = Inter-level travel time spent in this place.
 D = Time resting spent in this place.
 E = Time spent auto-exploring this place.
 F = Levels seen in this place.
 G = Mean time per level.
                   A        B        C        D        E       F      G
               +--------+--------+--------+--------+--------+-----+--------+
         Total |   1891 |   1883 |      8 |      0 |   1374 |   3 |  630.3 |
       Dungeon |   1891 |   1883 |      8 |      0 |   1374 |   3 |  630.3 |
               +--------+--------+--------+--------+--------+-----+--------+

Top non-repeatable levels by time:
     D:3: 681 daAuts
     D:1: 619 daAuts
     D:2: 590 daAuts
